 Dungeon Crawl Stone Soup version 0.19-a0-1889-g9c603be (console) character file.

17377 brucemayne the Severer (level 12, -1/126 HPs)
             Began as a Hill Orc Berserker on Oct 17, 2016.
             Was an Elder of Trog.
             Slain by a hellwing (4 damage)
             ... summoned by an orc high priest
             ... on level 2 of the Orcish Mines.
             The game lasted 00:26:52 (4813 turns).

brucemayne the Severer (Hill Orc Berserker)         Turns: 4813, Time: 00:26:53

Health: -1/126     AC: 23    Str: 21    XL:     12   Next: 47%
Magic:  12/12      EV: 13    Int:  7    God:    Trog [****..]
Gold:   918        SH:  0    Dex: 19    Spells: 0 memorised, 11 levels left

rFire  . . .     SeeInvis .     J - +0 battleaxe
rCold  . . .     Gourm    .     E - +0 plate armour
rNeg   . . .     Faith    .     (shield currently unavailable)
rPois  .         Spirit   .     (no helmet)
rElec  .         Reflect  .     I - +1 cloak
rCorr  .         Harm     .     i - +0 pair of gloves
MR     .....     Rnd*Rage +     R - +2 pair of boots {Fly}
Stlth  ..........               (no amulet)
                                x - ring of wizardry
                                n - ring of stealth

@: agile, exhausted, flying
A: rugged brown scales 1, berserk 1, robust 1, evolution 1, subdued magic 1,
MP-powered wands
a: Berserk, Trog's Hand, Brothers in Arms, Burn Spellbooks, Renounce Religion,
Convert to Beogh, Stop Flying


You were on level 2 of the Orcish Mines.
You worshipped Trog.
Trog was greatly pleased with you.
You were not hungry.

You visited 2 branches of the dungeon, and saw 15 of its levels.

You collected 918 gold pieces.

Inventory:

Hand Weapons
 a - a +0 hand axe
 r - a +0 war axe
 v - a +1 flail of venom
 J - a +0 battleaxe (weapon)
 O - a +2 great mace
Missiles
 m - 23 poisoned needles
 o - 8 javelins (quivered)
 u - 6 javelins of returning
Armour
 b - a +0 animal skin
 d - a +0 ring mail
 f - a +0 ring mail
 i - a +0 pair of gloves (worn)
 k - a +0 leather armour
 D - a +0 scale mail
 E - a +0 plate armour (worn)
 I - a +1 cloak (worn)
 R - a +2 pair of boots of flying (worn)
Magical Staves
 A - a cursed staff of poison {unknown}
Jewellery
 n - a ring of stealth (left hand)
 p - an uncursed ring of flight
 x - a ring of wizardry (right hand)
Wands
 j - a wand of paralysis (19/24)
 y - a wand of paralysis (15/24)
 C - a wand of flame (8/48)
 L - a wand of confusion (15/48)
 M - a wand of iceblast (10/15)
 P - a wand of confusion (18/48)
Scrolls
 e - a scroll of random uselessness
 K - a scroll of identify
 Q - 2 scrolls of recharging
Potions
 g - a potion of magic
 l - a potion of degeneration
 t - 3 potions of curing
 z - 2 potions of ambrosia
Books
 B - a book of Enchantments

   Spells                             Type                      Level
   a - Cause Fear                     Hexes                        4
   b - Yara's Violent Unravelling     Hexes/Transmutation          5
   c - Silence                        Hexes/Air                    5
   d - Deflect Missiles               Charms/Air                   6
   e - Discord                        Hexes                        8
   Trog disapproves of the use of such an item.
 F - a book of Debilitation

   Spells                             Type                      Level
   a - Corona                         Hexes                        1
   b - Slow                           Hexes                        2
   c - Gell's Gravitas                Hexes/Translocation          3
   d - Inner Flame                    Hexes/Fire                   3
   e - Cause Fear                     Hexes                        4
   f - Leda's Liquefaction            Hexes/Earth                  4
   Trog disapproves of the use of such an item.
Miscellaneous
 H - a sack of spiders
Comestibles
 c - a bread ration
 w - 2 meat rations


   Skills:
 - Level 12.2 Fighting
 + Level 17.7 Axes
 - Level 11.1 Armour
 - Level 1.5 Dodging


You had 11 spell levels left.
You didn't know any spells.

Dungeon Overview and Level Annotations

Branches:
Dungeon (13/15)               Orc (2/2) D:12            Elf (0/3) Orc:2
 Temple: D:4-7         Lair: D:8-11      Vaults: D:13-14

Altars:
Ashenzari
Cheibriados
Okawaru
Uskayaw
Beogh

Annotations:
D:11 Harold
D:13 Nessos


Innate Abilities, Weirdness & Mutations

You are partially covered in rugged brown scales. (AC +1, +3% HP)
You tend to lose your temper in combat.
You are robust. (+10% HP)
You evolve.
Your spells are a little easier to cast, but a little less powerful.
You expend magic power (3 MP) to strengthen your wands.


Message History

Unknown command.
The orc warrior no longer looks unusually strong.
The orc priest miscasts a cantrip.
The warg closely misses you.
Unknown command.
Unknown command.
The orc warlord roars a battlecry!
The orc warrior goes into a battle-frenzy!
The red devil hits you but does no damage.
The warg pauses to sniff the ground.
The warg bites you!
* * * LOW HITPOINT WARNING * * *
Unknown command.
Unknown command.
You feel yourself speed up.
The orc high priest no longer looks unusually strong.
The hellwing misses you. The hellwing hits you.
* * * LOW HITPOINT WARNING * * *
The warg barely misses you. The orc closely misses you. The hellwing hits you.
You die...

#.#...)oo..### ..
.###..).oo### #
#...).o#.#
..........o.##
..........TTo###
#.........o....##
#.....###..4.o..##
#....#
#.....C.4o## #....
#....o..4h@.# ..
.......#####..#
.......## #..#
......# #... .....
..... ... .#.. # .


You could see an orc warlord, an ettin, an orc high priest, a hellwing, an ice
devil, 2 trolls, a warg, a red devil, 3 orc warriors and 2 orcs.

Vanquished Creatures
  An orc warlord (Orc:1)
  Azrael (Orc:2)
  Nergalle (D:10)
  The ghost of IKeelU2 the Cleaver, a novice DsFi of Qazlal (D:8)
  3 hill giants
  2 orc knights
  A cyclops (Orc:2)
  An orc sorcerer (Orc:1)
  Maurice (D:11)
  A komodo dragon (D:10)
  2 trolls
  3 two-headed ogres
  5 hippogriffs
  2 wyverns
  A hungry ghost (D:10)
  A basilisk (D:11)
  4 yaks (D:10)
  A fire elemental (Orc:2)
  A steam dragon (D:11)
  2 wargs (D:12)
  A water moccasin (D:9)
  4 hell hounds (Orc:2)
  2 sky beasts
  18 orc warriors
  An ice beast (D:8)
  A phantom (D:7)
  A black bear (D:10)
  A necrophage (D:8)
  4 ogres
  A centaur (D:9)
  A crocodile (D:10)
  3 big kobolds
  3 bullfrogs
  A scorpion (D:9)
  4 wights
  A quasit (D:6)
  2 crimson imps
  5 hounds
  A bullfrog zombie (D:12)
  20 orc priests
  4 centaur skeletons
  5 iguanas
  25 orc wizards
  2 bullfrog skeletons
  2 worker ants
  A killer bee zombie (D:10)
  The ghost of brucemayne the Chopper, a weakling HOBe of Trog (D:3)
  A worker ant zombie (D:8)
  4 gnolls (D:7)
  8 adders
  5 shadow imps
  A worm (D:2)
  A dart slug (D:3)
  7 leopard geckos
  62 orcs
  2 bats
  15 giant cockroaches
  2 goblins (D:2)
  5 hobgoblins
  15 kobolds
  A ball python (D:4)
  2 frilled lizards (D:11)
  A leopard gecko skeleton (D:7)
  A leopard gecko zombie (D:8)
  A rat (D:2)
284 creatures vanquished.

Vanquished Creatures (collateral kills)
  2 fire elementals (Orc:2)
  A hell hound (Orc:2)
3 creatures vanquished.

Vanquished Creatures (others)
  2 plants (D:11)
2 creatures vanquished.

Grand Total: 289 creatures vanquished

Notes
Turn   | Place    | Note
-------+----------+-------------------------------------------
     0 | D:1      | brucemayne the Hill Orc Berserker began the quest for the Orb.
     0 | D:1      | Reached XP level 1. HP: 19/19 MP: 1/1
   109 | D:2      | Reached XP level 2. HP: 20/26 MP: 2/2
   141 | D:2      | Reached skill level 5 in Axes
   301 | D:3      | Reached XP level 3. HP: 31/31 MP: 3/3
   383 | D:3      | Reached ** piety under Trog
   384 | D:3      | Reached skill level 6 in Axes
   413 | D:3      | Noticed brucemayne's ghost (weakling HOBe)
   426 | D:3      | Killed brucemayne's ghost
   426 | D:3      | Reached XP level 4. HP: 39/39 MP: 4/4
   581 | D:4      | Reached skill level 7 in Axes
   608 | D:4      | Reached XP level 5. HP: 15/45 MP: 5/5
   688 | D:4      | Reached skill level 8 in Axes
   695 | D:4      | Reached XP level 6. HP: 31/51 MP: 6/6
   739 | D:5      | Entered Level 5 of the Dungeon
   772 | D:5      | Reached skill level 9 in Axes
   908 | D:5      | Reached skill level 10 in Axes
   908 | D:5      | Reached XP level 7. HP: 22/57 MP: 7/7
  1006 | D:7      | Found a hide-covered altar of Uskayaw.
  1209 | D:7      | Found a shattered altar of Ashenzari.
  1238 | D:7      | Reached skill level 11 in Axes
  1308 | D:8      | Found a snail-covered altar of Cheibriados.
  1329 | D:8      | Noticed a hippogriff
  1336 | D:8      | Killed a hippogriff
  1336 | D:8      | Reached skill level 12 in Axes
  1336 | D:8      | Reached XP level 8. HP: 16/64 MP: 8/8
  1353 | D:8      | Noticed IKeelU2's ghost (novice DsFi)
  1512 | D:8      | Reached skill level 13 in Axes
  1520 | D:8      | Killed IKeelU2's ghost
  1520 | D:8      | Reached skill level 14 in Axes
  1520 | D:8      | Reached XP level 9. HP: 30/70 MP: 9/9
  1530 | D:8      | Gained mutation: Armour fits poorly on your strangely shaped body. [mutagenic meat]
  1533 | D:8      | Gained mutation: You expend magic power (3 MP) to strengthen your wands. [mutagenic meat]
  1536 | D:8      | Gained mutation: You tend to lose your temper in combat. [mutagenic meat]
  1544 | D:7      | Gained mutation: You are partially covered in rugged brown scales. (AC +1, +3% HP) [mutagenic meat]
  1547 | D:7      | Gained mutation: You evolve. [mutagenic meat]
  1645 | D:7      | Gained mutation: You are occasionally teleported next to monsters. [potion of mutation]
  1645 | D:7      | Gained mutation: Your spells are a little easier to cast, but a little less powerful. [potion of mutation]
  1645 | D:7      | Lost mutation: You are occasionally teleported next to monsters. [potion of mutation]
  1672 | D:8      | Reached skill level 15 in Axes
  1890 | D:10     | Entered Level 10 of the Dungeon
  1923 | D:10     | Reached *** piety under Trog
  1965 | D:12     | Noticed an orc knight
  1965 | D:12     | Noticed a troll
  2003 | D:11     | Reached skill level 16 in Axes
  2181 | D:10     | Noticed a komodo dragon
  2192 | D:10     | Killed a komodo dragon
  2222 | D:10     | Reached skill level 5 in Fighting
  2222 | D:10     | Reached XP level 10. HP: 32/83 MP: 10/10
  2315 | D:11     | Noticed Maurice
  2337 | D:11     | Killed Maurice
  2337 | D:11     | Reached skill level 5 in Armour
  2444 | D:11     | Lost mutation: Armour fits poorly on your strangely shaped body. [evolution]
  2445 | D:11     | Noticed a hill giant
  2461 | D:11     | Killed a hill giant
  2571 | D:13     | Noticed Nessos
  2672 | D:10     | Found an iron altar of Okawaru.
  2692 | D:10     | Noticed a hill giant
  2699 | D:10     | Killed a hill giant
  2764 | D:10     | Received a gift from Trog
  2855 | D:11     | Noticed Nergalle
  2856 | D:11     | Noticed Harold
  2859 | D:10     | Noticed a spectral orc warlord
  2862 | D:10     | Killed Nergalle
  2862 | D:10     | Reached XP level 11. HP: 99/99 MP: 11/11
  3069 | D:9      | Reached skill level 10 in Fighting
  3514 | D:12     | Killed an orc knight
  3676 | D:12     | Identified a scroll of acquirement
  3692 | D:12     | Noticed a hill giant
  3702 | D:12     | Killed a hill giant
  3770 | D:12     | Gained mutation: You are robust. (+10% HP) [evolution]
  3773 | D:12     | Found a staircase to the Orcish Mines.
  3786 | D:12     | Reached **** piety under Trog
  3803 | Orc:1    | Entered Level 1 of the Orcish Mines
  3821 | D:13     | Reached skill level 10 in Armour
  3900 | Orc:1    | Noticed an orc sorcerer
  3947 | Orc:1    | Noticed a sun demon
  3951 | Orc:1    | Killed an orc sorcerer
  3999 | Orc:1    | Noticed an orc warlord
  4013 | Orc:1    | Killed an orc warlord
  4013 | Orc:1    | Reached XP level 12. HP: 85/126 MP: 12/12
  4169 | Orc:2    | Entered Level 2 of the Orcish Mines
  4171 | Orc:2    | Reached ***** piety under Trog
  4246 | Orc:2    | Found a roughly hewn altar of Beogh.
  4375 | Orc:2    | Noticed Azrael
  4390 | Orc:2    | Killed Azrael
  4486 | Orc:1    | Reached skill level 17 in Axes
  4515 | Orc:1    | Found a roughly hewn altar of Beogh.
  4666 | Orc:2    | Noticed an orc high priest
  4717 | Orc:2    | Noticed a sun demon
  4787 | Orc:2    | Found a staircase to the Elven Halls.
  4794 | Orc:2    | Noticed an orc warlord
  4799 | Orc:2    | Noticed an ettin
  4812 | Orc:2    | HP: 3/126 [warg (11)]
  4813 | Orc:2    | Slain by a hellwing

Vault maps used:
D:1:      lightli_iron_boxes
D:2:      first_bread
D:3:      minmay_roachtagon, chequers_temple_overflow_minitemple,
          old_standard_altar, corner_web_ring, st_stairs_11
D:4:      serial_bayou_crossing
D:5:      cheibrodos_gnoll_hut
D:6:      nicolae_overflow_quartered_altars
D:7:      okawaru_altar_gauntlet_db, ashenzari_altar_1, basic_altar
D:8:      cheibriados_altar_1, hangedman_ranch
D:10:     lair_0_dummy, basic_altar
D:11:     minmay_lizard_king, uniq_nergalle, uniq_maurice, uniq_snorg,
          uniq_harold
D:12:     david_orc_3, lab_entry_generic, tgw_lugonu_bribe
D:13:     serial_shops, shop, minmay_misc_feat_roman, uniq_sonja, uniq_nessos
Orc:1:    enter_volcano_2, basic_altar
Orc:2:    grunt_orc_community_town_hall, grunt_orc_community_big_house_1,
          grunt_orc_community_big_house_2, grunt_orc_community_house_3,
          grunt_orc_community_house_3, grunt_orc_community_house_1,
          grunt_orc_community_house_2, grunt_orc_community_house_1, basic_altar,
          uniq_azrael

Skill      XL: |  1  2  3  4  5  6  7  8  9 10 11 12 |
---------------+-------------------------------------+-----
Axes           | 5 6 7 8 10 12 14 16 17 | 17.7
Fighting       | 5 9 12 | 12.2
Armour         | 4 8 10 11 | 11.1
Dodging        | |  1.5

Action                   |  1- 3 |  4- 6 |  7- 9 | 10-12 || total
-------------------------+-------+-------+-------+-------++-------
Melee: Hand axe          |    59 |    52 |       |       ||   111
       War axe           |       |    47 |   242 |   180 ||   469
       Battleaxe         |       |       |       |   291 ||   291
Throw: Javelin           |       |       |     2 |       ||     2
Invok: Berserk           |     4 |     1 |     9 |    17 ||    31
       Trog's Hand       |       |     3 |    11 |    15 ||    29
       Brothers in Arms  |       |       |       |     2 ||     2
  Use: Scroll            |       |       |     9 |     7 ||    16
       Potion            |       |       |     8 |     3 ||    11
  Eat: Chunk             |     1 |     2 |    12 |    16 ||    31
       Beef jerky        |       |     1 |       |     2 ||     3
       Fruit             |       |     1 |     2 |     5 ||     8
       Meat ration       |       |       |     1 |     1 ||     2
       Bread ration      |       |       |     1 |     1 ||     2
       Royal jelly       |       |       |       |     1 ||     1
Armor: Ring mail         |    12 |    20 |    15 |       ||    47
       Leather armour    |    11 |    20 |       |       ||    31
       Scale mail        |       |       |    24 |       ||    24
       Plate armour      |       |       |    50 |   291 ||   341
       Skin              |       |       |    15 |       ||    15
Dodge: Dodged            |    41 |    74 |    86 |   177 ||   378
